 Dungeon Crawl Stone Soup version 0.17.0-26-gececa24 (webtiles) character file.

151 Raultor the Changer (level 5, 0/33 HPs)
             Began as an Octopode Transmuter on Nov 19, 2015.
             Killed from afar by an orc wizard (6 damage)
             ... with a puff of flame
             ... on level 4 of the Dungeon.
             The game lasted 00:10:37 (3523 turns).

Raultor the Changer (Octopode Transmuter)           Turns: 3523, Time: 00:10:37

Health: 0/33       AC:  1    Str:  7 (10) XL:     5   Next: 33%
Magic:  6/8        EV: 12    Int: 19      God:
Gold:   112        SH:  0    Dex: 12      Spells: 3 memorised, 0 levels left

rFire  . . .     SeeInvis .       - Unarmed
rCold  + . .     Clarity  .     (no shield)
rNeg   + . .     SustAt   .     l - +0 hat
rPois  .         Gourm    .     (no amulet)
rElec  .         Spirit   .     i - ring of protection from cold
rCorr  .         Warding  .     q - +3 ring of intelligence
rMut   .         Stasis   .     r - ring of positive energy
MR     .....                    (no ring)
Stlth  ++........               (no ring)
                                (no ring)
                                (no ring)
                                (no ring)

@: very slightly contaminated, hasted, very quick, not resistant to hostile
enchantments, unstealthy
A: almost no armour, amphibious, 8 rings, constrict 8, camouflage 1, gelatinous
body 1
a: no special abilities


You were on level 4 of the Dungeon.
You were hungry.

You visited 1 branch of the dungeon, and saw 4 of its levels.

You collected 112 gold pieces.

Inventory:

Missiles
 a - 99 arrows
 m - 66 stones (quivered)
Armour
 l - a +0 hat (worn)
Jewellery
 i - a ring of protection from cold (left tentacle)
 q - a +3 ring of intelligence (right tentacle)
 r - a ring of positive energy (on tentacle)
Wands
 p - a wand of slowing (11)
Scrolls
 e - a scroll of random uselessness {unknown}
 h - a scroll of recharging {unknown}
 k - 2 scrolls of identify {unknown}
 o - a scroll of amnesia {unknown}
 u - 4 scrolls of remove curse {unknown}
Potions
 d - a potion of brilliance {unknown}
 f - a potion of haste
Books
 b - a book of Changes

   Spells                             Type                      Level
   a - Beastly Appendage              Transmutation                1
   b - Sticks to Snakes               Transmutation                2
   c - Spider Form                    Transmutation/Poison         3
   d - Ice Form                       Ice/Transmutation            4
   e - Blade Hands                    Transmutation                5
Comestibles
 c - 2 bread rations
 g - 3 meat rations
 j - 2 chunks of flesh


   Skills:
 - Level 1.0 Fighting
 - Level 2.0 Dodging
 - Level 3.0 Unarmed Combat
 - Level 2.0 Spellcasting
 + Level 5.2 Transmutations
 * Level 0.6 Ice Magic


You couldn't memorise any spells.
You knew the following spells:

 Your Spells              Type           Power        Failure   Level  Hunger
a - Beastly Appendage     Trmt           ###...       1%          1    #......
b - Spider Form           Trmt/Pois      ##........   17%         3    ###....
c - Ice Form              Ice/Trmt       ##......     63%         4    #####..


Dungeon Overview and Level Annotations

Branches:
Dungeon (4/15)
 Temple: D:4-7

Altars:
Cheibriados
Fedhas
Nemelex Xobeh
Ru
Vehumet

Annotations:
D:4 Grinder


Innate Abilities, Weirdness & Mutations

You cannot wear most types of armour.
You are amphibious.
You can wear up to eight rings at the same time.
You can use your tentacles to constrict eight enemies at once.
Your skin changes colour to match your surroundings (Stealth).
Your rubbery body absorbs attacks (AC +1).


Message History

Confirm with . or Enter, or press ? or * to list all spells.
You miscast Spider Form.
You feel weak for a moment.
The gnoll hits you from afar with a halberd.
The gnoll hits you from afar with a halberd!
A gnoll comes into view. It is wielding a club.
The gnoll shouts!
A hound comes into view.
Drink which item? (? for menu, Esc to quit)
You feel yourself speed up.
The gnoll hits you from afar with a halberd!
* * * LOW HITPOINT WARNING * * *
The hound barks!
An adder skeleton comes into view.
Found 4 tomahawks.
The hound stops to sniff the ground.
An orc wizard comes into view. It is wielding a dagger.
The orc wizard shouts!
The orc wizard gestures at you while chanting.
The puff of flame hits you!
You die...

##..........?.....
#.#.#####
.............h....
#.#.....#
...######.g.......
#......## ...#
##h#######
#.......# ..## #.#
#......##
##########g#
#......# #....h..#
#......# #h#######
###### #......#
#.# #..@.#
#......# #.#
######.##.#
#......#
#.####.h.h...#.#
#......#
#............#.#
#......#
######.#####.#.#
#......# #..Z .#.#
#......# #..##
.#.# #......# #..#
##o# #......# #...
#......#


You could see a hound and an orc wizard.

Vanquished Creatures
  6 adders
  2 adder skeletons (D:2)
  2 adder zombies (D:2)
  3 orcs (D:3)
  4 bats
  A bat skeleton (D:2)
  A bat zombie (D:2)
  5 giant cockroaches
  9 goblins
  8 hobgoblins
  4 jackals (D:2)
  9 kobolds
  A ball python (D:4)
  A ball python skeleton (D:2)
  3 giant geckos
  7 giant newts
  3 quokka skeletons (D:2)
  6 rats
75 creatures vanquished.

Notes
Turn   | Place    | Note
--------------------------------------------------------------
     0 | D:1      | Raultor the Octopode Transmuter began the quest for the Orb.
     0 | D:1      | Reached XP level 1. HP: 13/13 MP: 3/3
   441 | D:1      | Reached XP level 2. HP: 18/18 MP: 5/5
   887 | D:1      | Reached XP level 3. HP: 16/23 MP: 6/6
  1003 | D:1      | Learned a level 3 spell: Spider Form
  1208 | D:2      | Found a snail-covered altar of Cheibriados.
  1446 | D:2      | Reached skill level 4 in Transmutations
  1446 | D:2      | Reached XP level 4. HP: 18/28 MP: 5/7
  2073 | D:3      | Reached skill level 5 in Transmutations
  2073 | D:3      | Reached XP level 5. HP: 22/33 MP: 8/8
  2266 | D:3      | Learned a level 4 spell: Ice Form
  2291 | D:3      | Found a sparkling altar of Nemelex Xobeh.
  2293 | D:3      | Found a radiant altar of Vehumet.
  2889 | D:3      | Found a sacrificial altar of Ru.
  3019 | D:4      | Noticed a phantom
  3096 | D:4      | Found a blossoming altar of Fedhas.
  3156 | D:4      | Noticed a phantom
  3467 | D:4      | Noticed Grinder
  3523 | D:4      | Killed from afar by an orc wizard

Action                   |  1- 3 |  4- 6 || total
-------------------------+-------+-------++-------
Melee: Unarmed           |    73 |   117 ||   190
Throw: Stone             |     2 |     1 ||     3
 Cast: Spider Form       |     2 |     7 ||     9
       Beastly Appendage |     1 |       ||     1
  Use: Potion            |       |     7 ||     7
 Stab: Sleeping          |     5 |     2 ||     7
  Eat: Chunk             |     2 |     7 ||     9
